Map: Bridgehead LE (Void)

Players

호로록 (DRG) - Winner!

  • Race: Zerg Zerg
  • League: Grandmaster

BravO

  • Race: Terran Terran
  • League: Master

Event: Team Gravity's Fight Night #36

VOD

https://youtu.be/mDOyxl6cnkg?t=21m17s

Description

Time

  • Played on: Oct. 25, 2015, 8:36 p.m.
  • Length: 11:44

All games in this series

Show
View Real Time Build Order
Export as new Build Order

호로록 Zerg - Winner!

Build Orders: Hatch First, Muta Ling Bane 

Get SALT Encoding   

  12  0:01  Drone  
  13  0:12  Overlord  
  13  0:18  Drone  
  14  0:31  Drone x2  
  14  0:35  Drone  
  17  0:45  Drone  
  18  0:56  Hatchery  
  17  0:57  Drone  
  17  0:59  Extractor  
  17  1:12  Spawning Pool  
  17  1:15  Drone  
  17  1:19  Drone  
  18  1:28  Drone  
  19  1:38  Overlord  
  19  1:59  Queen  
  19  2:00  Zergling x2  
  19  2:01  Zergling x2  
  23  2:02  Metabolic Boost  
  23  2:07  Queen  
  25  2:08  Drone  
  25  2:11  Drone  
  27  2:19  Zergling x2  
  27  2:22  Drone  
  30  2:30  Drone  
  30  2:34  Overlord  
  30  2:35  Queen  
  32  2:41  Drone  
  33  2:47  Drone  
  33  2:50  Drone  
  35  2:54  Drone  
  36  3:01  Lair  
  36  3:02  Drone  
  38  3:05  Drone  
  38  3:08  Drone x3  
  38  3:12  Overlord  
  41  3:16  Drone x3  
  44  3:21  Drone, Extractor  
  44  3:23  Extractor  
  43  3:30  Drone, Queen  
  43  3:32  Drone  
  47  3:36  Drone  
  48  3:46  Drone  
  48  3:47  Drone x3  
  52  3:51  Overlord  
  52  3:59  Overlord  
  52  4:03  Overseer  
  52  4:05  Spire  
  52  4:06  Extractor, Queen  
  52  4:10  Drone  
  52  4:11  Overlord  
  53  4:17  Overlord  
  53  4:24  Drone x2  
  53  4:28  Drone x3  
  58  4:42  Drone x3  
  58  4:44  Hatchery, Baneling Nest  
  59  4:48  Overlord  
  59  4:52  Drone x3  
  62  5:00  Overlord  
  62  5:17  Mutalisk  
  62  5:18  Mutalisk x5  
  62  5:20  Zerg Flyer Weapons Level 1  
  74  5:22  Overlord  
  74  5:32  Drone x3  
  74  5:33  Drone  
  74  5:34  Drone x3  
  74  5:35  Centrifical Hooks  
  81  5:38  Drone  
  82  5:45  Drone  
  82  5:46  Overlord  
  83  5:50  Drone  
  83  5:52  Evolution Chamber  
  83  5:53  Evolution Chamber  
  82  6:01  Drone  
  82  6:03  Drone  
  84  6:05  Drone x4  
  84  6:06  Extractor x2  
  84  6:11  Drone x3  
  88  6:14  Drone  
  88  6:18  Overlord  
  90  6:19  Zerg Ground Armor Level 1, Zerg Melee Weapons Level 1  
  90  6:21  Drone  
  90  6:25  Drone  
  92  6:27  Hatchery  
  91  6:33  Drone x2  
  93  6:40  Mutalisk x5  
  103  6:47  Overlord  
  103  6:56  Baneling x5  
  103  6:57  Zergling x8  
  103  7:00  Hatchery  
  106  7:05  Zergling x14  
  106  7:06  Zergling x2  
  106  7:07  Overseer  
  114  7:12  Zergling x2  
  114  7:13  Zergling x8  
  114  7:15  Zergling x4  
  121  7:19  Baneling  
  121  7:20  Baneling x7  
  121  7:27  Corruptor x2  
  123  7:32  Baneling  
  123  7:33  Baneling x8  
  123  7:38  Zergling x12  
  129  7:46  Corruptor  
  129  7:48  Zergling x10  
  136  7:54  Overlord x2  
  136  8:00  Baneling x4  
  134  8:08  Mutalisk  
  115  8:23  Zergling x32  
  126  8:29  Mutalisk x4  
  126  8:31  Zergling x4  
  128  8:37  Mutalisk  
  128  8:38  Overseer  
  128  8:39  Mutalisk  
  128  8:40  Mutalisk  
  131  8:42  Zergling x6  
  131  8:45  Zergling x4  
  131  8:48  Baneling x5  
  132  8:58  Zergling x12  
  137  9:07  Baneling  
  137  9:08  Baneling x3  
  137  9:09  Zergling x8  
  143  9:10  Zergling x4  
  143  9:13  Overlord x3  
  143  9:14  Overseer x2  
  142  9:29  Overlord x2  
  121  9:40  Zergling x2  
  121  9:41  Zergling x20  
  129  9:48  Zergling x12  
  133  9:55  Zergling x10  
  135  10:01  Zergling x6  
  136  10:13  Zergling x14  
  141  10:24  Mutalisk x3  
  141  10:25  Mutalisk  
  148  10:30  Zergling x6  
  147  10:42  Zergling x8  
  145  10:43  Zergling x14  
  149  10:51  Mutalisk x2  
  149  11:02  Hatchery  
  148  11:04  Mutalisk x3  
  148  11:05  Mutalisk x2  
Show
View Real Time Build Order
Export as new Build Order

BravO Terran 

Build Orders: Liberator Opening, Reaper Expand, Bio Mine 

Get SALT Encoding   

  12  0:00  SCV  
  13  0:12  SCV  
  14  0:18  Supply Depot  
  14  0:25  SCV  
  15  0:39  SCV  
  15  0:41  Barracks  
  16  0:44  Refinery  
  16  0:51  SCV  
  17  1:03  SCV  
  18  1:15  SCV  
  19  1:28  Reaper, Orbital Command  
  20  1:41  Command Center  
  21  1:54  SCV  
  21  1:56  Supply Depot  
  21  2:01  Barracks Reactor  
  21  2:06  SCV  
  22  2:18  SCV  
  22  2:22  Factory  
  23  2:30  SCV  
  24  2:37  Command Center  
  24  2:39  Marine  
  24  2:41  Marine  
  26  2:44  Refinery  
  26  2:46  SCV  
  27  2:55  Orbital Command  
  27  3:09  SCV  
  27  3:10  Starport  
  28  3:18  Barracks Tech Lab  
  28  3:19  Supply Depot  
  28  3:20  SCV  
  28  3:22  SCV  
  30  3:32  SCV  
  30  3:34  SCV, Liberator  
  32  3:39  Marine  
  33  3:44  SCV  
  33  3:46  SCV  
  35  3:52  Orbital Command  
  37  3:57  SCV, Marine  
  37  3:58  SCV  
  37  3:59  Stimpack  
  37  4:01  Barracks  
  40  4:05  Barracks  
  40  4:06  Factory Reactor  
  40  4:11  SCV x2  
  40  4:14  Refinery  
  40  4:15  Marine  
  43  4:17  Refinery, Liberator  
  43  4:21  SCV  
  43  4:23  SCV  
  46  4:24  SCV  
  46  4:32  Marine  
  46  4:37  SCV x3  
  53  4:45  Engineering Bay  
  53  4:46  Engineering Bay  
  53  4:50  Marine  
  53  4:52  Marine x2  
  56  4:53  Supply Depot  
  56  4:55  SCV x3  
  59  5:00  Marine x2, Liberator  
  59  5:01  Factory Reactor  
  59  5:04  Supply Depot  
  61  5:12  Terran Infantry Weapons Level 1, Terran Infantry Armor Level 1  
  61  5:17  SCV x3  
  67  5:22  Marine x5  
  72  5:33  Supply Depot  
  72  5:34  Barracks  
  72  5:35  Barracks  
  72  5:36  SCV x3  
  75  5:44  Marine x5  
  75  5:49  Missile Turret  
  80  5:52  SCV x3  
  80  5:53  Factory Reactor  
  83  5:59  Supply Depot  
  83  6:00  Combat Shields  
  83  6:02  Supply Depot  
  82  6:05  SCV  
  82  6:06  SCV x2  
  82  6:07  Medivac x2  
  82  6:10  Marine x4  
  93  6:16  Armory  
  93  6:20  Marine  
  93  6:23  Barracks Reactor x2  
  94  6:25  Supply Depot  
  94  6:26  Supply Depot  
  94  6:31  Marine x4  
  98  6:37  SCV x2, Medivac x2  
  98  6:38  Marauder  
  106  6:41  Missile Turret  
  106  6:43  Widow Mine  
  106  6:46  Widow Mine, Orbital Command  
  108  6:49  Factory  
  108  6:52  Supply Depot  
  108  6:53  Supply Depot  
  110  6:56  SCV x2  
  110  6:57  Marine x2  
  110  6:58  Marine  
  110  6:59  Marine  
  110  7:01  Marine x2  
  116  7:02  Marine  
  116  7:03  Refinery, Marine  
  116  7:05  Marine  
  121  7:12  SCV x3  
  121  7:15  Marine  
  125  7:16  Medivac  
  125  7:18  Medivac  
  125  7:19  Missile Turret  
  124  7:23  Widow Mine x2  
  124  7:28  Marine x2  
  124  7:29  Marine x5  
  134  7:31  Marine  
  134  7:35  Supply Depot  
  134  7:36  Supply Depot  
  135  7:37  Factory Tech Lab  
  135  7:38  SCV x3  
  138  7:52  Marauder, Marine  
  138  7:56  Marine x7  
  148  8:07  Medivac  
  148  8:08  Medivac  
  148  8:10  Marine  
  152  8:13  Marine  
  152  8:14  Marine x6  
  152  8:15  Marine  
  129  8:26  Widow Mine  
  117  8:27  Marine  
  117  8:31  Marine  
  117  8:32  Marine x6  
  117  8:33  SCV x2, Marine  
  117  8:37  Medivac x2  
  117  8:39  SCV  
  117  8:40  Drilling Claws  
  120  8:45  SCV x2, Marine  
  116  8:57  Widow Mine x3  
  116  8:58  Marine x6  
  116  8:59  Marine x2  
  115  9:03  Marine  
  115  9:07  Medivac  
  114  9:16  Marine x2  
  116  9:22  Marine x2  
  119  9:25  Marine x4  
  119  9:26  Marauder  
  119  9:29  Barracks  
  119  9:30  Barracks  
  122  9:34  Marine x2  
  99  9:40  Marine x2  
  99  9:43  Marine x4  
  87  9:46  Marine  
  87  9:49  Medivac x2  
  87  9:52  Marine x2  
  89  9:56  Widow Mine x2  
  89  9:58  Marine x2  
  82  10:01  Marine x2  
  82  10:02  Marine  
  82  10:04  Marine  
  82  10:06  Marine  
  74  10:09  Marine  
  71  10:16  Marine  
  71  10:19  Medivac x2, Marine x2  
  71  10:20  Marine  
  77  10:22  Marine  
  77  10:24  Marine  
  77  10:27  Marine  
  73  10:30  Widow Mine x2  
  73  10:38  Marine x2  
  73  10:39  Marine x2  
  73  10:41  Marine  
  73  10:42  Marine  
  68  10:43  Widow Mine  
  68  10:47  Marine  
  67  10:56  Marine x2  
  67  10:59  Widow Mine x2  
  67  11:01  Marine  
  69  11:18  Marine  
  69  11:19  Marine x2  

Tags
 
Add a new tag
Caveats
  • Supply blocks, unpowered buildings, or Contaminate may cause inaccurate times.
  • Supply counts are checked every 10 seconds.